 Dungeon Crawl Stone Soup version 0.19.1-1-g22dce08 (webtiles) character file.

11894 dvd the Thaumaturge (level 11, -1/56 HPs)
             Began as a Deep Elf Fire Elementalist on Jan 20, 2017.
             Was an Elder of Vehumet.
             Slain by a wraith (10 damage)
             ... on level 10 of the Dungeon.
             The game lasted 00:50:41 (12846 turns).

dvd the Thaumaturge (Deep Elf Fire Elementalist)   Turns: 12846, Time: 00:50:42

Health: -1/56      AC:  7    Str:  7      XL:     11   Next: 55%
Magic:  8/38       EV: 14    Int: 28 (30) God:    Vehumet [****..]
Gold:   607        SH:  0    Dex: 15      Spells: 10 memorised, 1 level left

rFire  + . .     SeeInvis .     A - +0 trident of Xewuos {flame, rElec MP+9 Stlth+} (curse)
rCold  . . .     Gourm    .     B - +0 leather armour of the Nine Ghosts {+Blink} (curse)
rNeg   . . .     Faith    .     (no shield)
rPois  +         Spirit   .     t - +0 helmet
rElec  +         Reflect  .     J - +2 cloak
rCorr  .         Harm     .     (no gloves)
MR     +....                    (no boots)
Stlth  ++++......               (no amulet)
                                n - +6 ring of intelligence
                                i - +2 ring of strength

@: slowed, very slow
A: deterioration 1, fire resistance 1, sense surroundings 1, poison resistance,
electricity resistance
a: Renounce Religion, Evoke Blink


You were on level 10 of the Dungeon.
You worshipped Vehumet.
Vehumet was greatly pleased with you.
You were not hungry.

You visited 2 branches of the dungeon, and saw 12 of its levels.

You collected 607 gold pieces.

Inventory:

Hand Weapons
 g - a +1 scimitar of flaming
 j - a +0 dagger
 v - a +0 dagger of protection
 A - the cursed +0 trident of Xewuos (weapon) {flame, rElec MP+9 Stlth+}
   (You found it on level 10 of the Dungeon)

   It has been specially enchanted to burn those struck by it, causing extra
   injury to most foes and up to half again as much damage against particularly
   susceptible opponents.
   It insulates you from electricity.
   It affects your magic capacity (+9).
   It makes you more stealthy.
   It has a curse placed upon it.
Armour
 a - a +0 robe
 t - a +0 helmet (worn)
 u - a +0 troll leather armour
 B - the cursed +0 leather armour of the Nine Ghosts (worn) {+Blink}
   (You found it on level 10 of the Dungeon)

   It lets you blink.
   It has a curse placed upon it.
 J - a +2 cloak (worn)
Jewellery
 i - a +2 ring of strength (left hand)
 n - a +6 ring of intelligence (right hand)
Wands
 y - a wand of flame (22/48)
 C - a wand of polymorph (7/24)
 F - a wand of acid (3/15)
 H - a wand of polymorph (13/24)
Scrolls
 e - 2 scrolls of teleportation
 k - 3 scrolls of identify
 l - a scroll of remove curse
 p - a scroll of amnesia
 w - a scroll of enchant armour
Potions
 h - 3 potions of brilliance
 m - a potion of agility
 r - a potion of might
 x - 2 potions of berserk rage
 z - a potion of heal wounds
Books
 b - a book of Flames

   Spells                             Type                      Level
   a - Flame Tongue                   Conjuration/Fire             1
   b - Throw Flame                    Conjuration/Fire             2
   c - Conjure Flame                  Conjuration/Fire             3
   d - Inner Flame                    Hexes/Fire                   3
   e - Sticky Flame                   Conjuration/Fire             4
   f - Fireball                       Conjuration/Fire             5
 o - a book of Callings

   Spells                             Type                      Level
   a - Summon Small Mammal            Summoning                    1
   b - Call Imp                       Summoning                    2
   c - Call Canine Familiar           Summoning                    3
   d - Summon Guardian Golem          Hexes/Summoning              3
   e - Summon Lightning Spire         Summoning/Air                4
   f - Summon Ice Beast               Ice/Summoning                4
 G - a book of Battle

   Spells                             Type                      Level
   a - Infusion                       Charms                       1
   b - Shroud of Golubria             Charms/Translocation         2
   c - Song of Slaying                Charms                       2
   d - Spectral Weapon                Hexes/Charms                 3
   e - Regeneration                   Charms/Necromancy            3
Comestibles
 c - 12 bread rations
 d - 9 beef jerkies
 f - 5 meat rations
 q - 8 fruits
 s - 13 chunks of flesh
 K - a slice of pizza


   Skills:
 + Level 1.4 Fighting
 + Level 1.2(1.5) Short Blades
 + Level 1.1(1.4) Long Blades
 + Level 0.8 Polearms
 + Level 1.0 Armour
 + Level 5.0 Dodging
 + Level 5.7 Stealth
 + Level 12.4 Spellcasting
 + Level 9.7 Conjurations
 + Level 2.4 Charms
 + Level 0.8 Necromancy
 * Level 12.4 Fire Magic
 + Level 0.9 Evocations


You had one spell level left.
You knew the following spells:

 Your Spells              Type           Power        Failure   Level  Hunger
a - Searing Ray           Conj           ######       1%          2    None
b - Throw Flame           Conj/Fire      ######       1%          2    None
c - Conjure Flame         Conj/Fire      ######..     1%          3    None
d - Sticky Flame          Conj/Fire      ######..     1%          4    None
e - Fireball              Conj/Fire      ######....   1%          5    ##.....
f - Inner Flame           Hex/Fire       ######..     1%          3    None
g - Shroud of Golubria    Chrm/Tloc      ###.......   6%          2    None
h - Regeneration          Chrm/Necr      ####......   10%         3    None
i - Iskenderun's Mystic   Conj           ######..     1%          4    None
j - Bolt of Magma         Conj/Fire/Erth ######....   2%          5    ##.....


Dungeon Overview and Level Annotations

Branches:
Dungeon (11/15)            Temple (1/1) D:5            Lair (0/6) D:11
    Orc (0/2) D:9

Altars:
Ashenzari
Cheibriados
Dithmenos
Elyvilon
Fedhas
Gozag
Hepliaklqana
Kikubaaqudgha
Makhleb
Nemelex Xobeh
Okawaru
Qazlal
Ru
Sif Muna
Trog
Uskayaw
Vehumet
Xom
Yredelemnul
Zin
The Shining One

Annotations:
D:7 ponk's ghost, novice DsAK


Innate Abilities, Weirdness & Mutations

Your body sometimes deteriorates upon taking damage.
Your flesh is heat resistant. (rF+)
You passively map a small area around you.
Your system is resistant to poisons. (rPois)
You are resistant to electric shocks. (rElec)


Message History

Aiming: Fireball
Press: ? - help, Shift-Dir - straight line, p - wraith The fireball explodes!
The fireball engulfs the wraith.
The wraith is almost destroyed.
The wraith hits you! The wraith drains your vigour!
You feel as though you will be slow longer.
The wraith hits you!
* * * LOW HITPOINT WARNING * * *
Your body deteriorates!
You feel dopey. The wraith drains your vigour!
You feel as though you will be slow longer.
Casting: Fireball
Confirm with . or Enter, or press ? or * to list all spells.
Aiming: Sticky Flame
Press: ? - help, Shift-Dir - straight line, f - wraith
Aim: a wraith (almost destroyed)
The sticky flame hits the wraith.
The wraith is almost destroyed.
The wraith hits you!
You die...

#...........#.............##
####'########..######.....#.
#....))..#.....#....#.....#.
#....)...#.....'....#.....#.
#...รท....#>....#....#.....#.
#........#.....#....#.....#.
################...########.
#........#.........#......#.
#........#.@.......#......##
#........#W........#......#.
#........#.........#......'.
#........#.........#......#.
###'######....######.######.
#..............#.....#....##
#..............#.....#......
#.......<......#.....#......
#..............#.....#......


You could see a wraith.

Vanquished Creatures
  Erica (D:8)
  2 hill giants (D:11)
  An elephant (D:11)
  2 centaur zombies
  2 trolls (D:10)
  Grinder (D:6)
  A hornet (D:9)
  3 hippogriffs (D:10)
  Sigmund (D:4)
  A shadow (D:11)
  Eustachio (D:4)
  4 yaks
  A wyvern (D:9)
  Menkaure (D:6)
  A warg (D:9)
  2 water moccasins
  Duvessa (D:5)
  4 orc warriors
  3 ice beasts
  5 sky beasts
  3 black bears
  4 ogres
  2 phantoms
  A crocodile (D:11)
  8 centaurs
  Blork the orc (D:4)
  6 bullfrogs
  A gnoll sergeant (D:9)
  Dowan (D:5)
  5 scorpions
  19 killer bees
  3 wights (D:7)
  3 howler monkeys (D:8)
  A crimson imp (D:9)
  5 hounds
  3 jellies
  A quasit (D:10)
  10 orc priests
  A bullfrog skeleton (D:7)
  3 bullfrog zombies
  2 iguanas
  Natasha (thrice) (D:2 D:4)
  14 orc wizards
  8 worker ants
  A killer bee zombie (D:8)
  2 hound zombies
  2 worker ant zombies
  Robin (D:4)
  2 gnolls (D:9)
  12 adders
  2 adder zombies
  3 adder skeletons
  A worm (D:5)
  A dart slug (D:4)
  3 leopard geckos
  55 orcs
  4 bats
  6 giant cockroaches
  12 goblins
  10 hobgoblins
  4 quokkas
  A ball python (D:2)
  A ball python skeleton (D:4)
  5 frilled lizards
  6 kobolds
  A leopard gecko skeleton (D:6)
  5 rats
  A bush (D:7)
287 creatures vanquished.

Notes
Turn   | Place    | Note
-------+----------+-------------------------------------------
     0 | D:1      | dvd the Deep Elf Fire Elementalist began the quest for the Orb.
     0 | D:1      | Reached XP level 1. HP: 10/10 MP: 6/6
   327 | D:1      | Reached XP level 2. HP: 15/15 MP: 6/8
   461 | D:1      | Learned a level 2 spell: Throw Flame
   758 | D:2      | Reached XP level 3. HP: 19/19 MP: 5/10
   851 | D:2      | Learned a level 3 spell: Conjure Flame
   912 | D:2      | Noticed Natasha
   919 | D:2      | Killed Natasha
  1241 | D:2      | Reached XP level 4. HP: 24/24 MP: 4/11
  1347 | D:2      | Learned a level 4 spell: Sticky Flame
  1756 | D:3      | Found a shimmering altar of Xom.
  1756 | D:3      | Found a shimmering altar of Xom.
  1756 | D:3      | Found a shimmering altar of Xom.
  2213 | D:4      | Noticed Sigmund
  2221 | D:4      | Killed Sigmund
  2221 | D:4      | Reached skill level 5 in Spellcasting
  2221 | D:4      | Reached XP level 5. HP: 17/28 MP: 4/14
  2332 | D:4      | Noticed Natasha
  2335 | D:4      | Killed Natasha
  2335 | D:4      | Reached XP level 6. HP: 26/32 MP: 9/15
  2453 | D:4      | Reached skill level 5 in Fire Magic
  2680 | D:4      | Noticed Robin
  2734 | D:4      | Killed Robin
  2907 | D:4      | Noticed Eustachio
  2913 | D:4      | Killed Eustachio
  3141 | D:4      | Reached XP level 7. HP: 36/36 MP: 7/17
  3315 | D:4      | Noticed Natasha
  3325 | D:4      | Killed Natasha
  3528 | D:4      | Found a sacrificial altar of Ru.
  3848 | D:4      | Noticed Blork the orc
  3860 | D:4      | Killed Blork the orc
  3860 | D:4      | Reached skill level 5 in Conjurations
  3960 | D:5      | Entered Level 5 of the Dungeon
  4129 | D:5      | Found a staircase to the Ecumenical Temple.
  4139 | Temple   | Entered the Ecumenical Temple
  4202 | Temple   | Became a worshipper of Vehumet
  4321 | D:5      | Noticed Duvessa
  4322 | D:5      | Noticed Dowan
  4364 | D:5      | Learned a level 5 spell: Fireball
  4368 | D:5      | Learned a level 3 spell: Inner Flame
  4416 | D:5      | Killed Dowan
  4417 | D:5      | Killed Duvessa
  4417 | D:5      | Reached XP level 8. HP: 41/41 MP: 7/20
  5188 | D:6      | Noticed Menkaure
  5191 | D:6      | Killed Menkaure
  5411 | D:6      | Noticed Grinder
  5425 | D:6      | Paralysed by Grinder for 4 turns
  5429 | D:6      | Killed Grinder
  5626 | D:6      | Found a snail-covered altar of Cheibriados.
  5626 | D:6      | Found a shattered altar of Ashenzari.
  5626 | D:6      | Found an iron altar of Okawaru.
  5626 | D:6      | Found a shimmering altar of Xom.
  5635 | D:6      | Found a basalt altar of Yredelemnul.
  6014 | D:6      | Reached XP level 9. HP: 35/45 MP: 13/23
  6827 | D:7      | Noticed ponk's ghost (novice DsAK)
  6940 | D:7      | Reached * piety under Vehumet
  6940 | D:7      | Offered knowledge of Sandblast by Vehumet.
  7052 | D:7      | Learned a level 2 spell: Shroud of Golubria
  7056 | D:7      | Learned a level 3 spell: Regeneration
  7062 | D:7      | Reached skill level 1 in Fighting
  7390 | D:7      | Reached skill level 10 in Spellcasting
  7725 | D:7      | Gained mutation: Your system is resistant to poisons. (rPois) [potion of beneficial mutation]
  8191 | D:8      | Reached skill level 10 in Fire Magic
  8200 | D:8      | Reached XP level 10. HP: 48/52 MP: 14/26
  8223 | D:8      | Noticed Erica
  8447 | D:8      | Killed Erica
  8447 | D:8      | Reached skill level 1 in Charms
  8736 | D:8      | Offered knowledge of Freeze by Vehumet.
  8786 | D:8      | Reached ** piety under Vehumet
  9595 | D:9      | Found a staircase to the Orcish Mines.
  9597 | D:9      | Offered knowledge of Searing Ray by Vehumet.
 10252 | D:9      | Reached skill level 5 in Stealth
 10264 | D:9      | Reached *** piety under Vehumet
 10351 | D:8      | Learned a level 2 spell: Searing Ray
 10623 | D:10     | Entered Level 10 of the Dungeon
 10626 | D:10     | Reached skill level 1 in Short Blades
 10626 | D:10     | Reached skill level 1 in Long Blades
 10702 | D:10     | Gained mutation: Your body sometimes deteriorates upon taking damage. [potion of mutation]
 10702 | D:10     | Gained mutation: Your magical capacity is low. (-10% MP) [potion of mutation]
 10702 | D:10     | Gained mutation: You passively map a small area around you. [potion of mutation]
 10703 | D:10     | Gained mutation: You have sharp toenails. [potion of mutation]
 10703 | D:10     | Gained mutation: Your muscles are strong. (Str +2) [potion of mutation]
 10703 | D:10     | Gained mutation: You are partially covered in slimy green scales. (AC +2) [potion of mutation]
 10704 | D:10     | Lost mutation: Your magical capacity is low. (-10% MP) [potion of cure mutation]
 10704 | D:10     | Lost mutation: Your muscles are strong. (Str +2) [potion of cure mutation]
 10704 | D:10     | Lost mutation: You have sharp toenails. [potion of cure mutation]
 10704 | D:10     | Lost mutation: You are partially covered in slimy green scales. (AC +2) [potion of cure mutation]
 10799 | D:10     | Got a scorched trident
 10803 | D:10     | Identified the cursed +0 trident of Xewuos {flame, rElec MP+9 Stlth+} (You found it on level 10 of the Dungeon)
 10915 | D:10     | Gained mutation: Your flesh is heat resistant. (rF+) [mutagenic meat]
 10916 | D:10     | Gained mutation: You are resistant to electric shocks. (rElec) [mutagenic meat]
 11014 | D:10     | Offered knowledge of Iskenderun's Mystic Blast by Vehumet.
 11020 | D:10     | Learned a level 4 spell: Iskenderun's Mystic Blast
 11036 | D:10     | Reached XP level 11. HP: 56/56 MP: 28/28
 11443 | D:10     | Got a shimmering leather armour
 11456 | D:10     | Identified the cursed +0 leather armour of the Nine Ghosts {+Blink} (You found it on level 10 of the Dungeon)
 12266 | D:11     | Reached skill level 1 in Armour
 12275 | D:11     | Reached **** piety under Vehumet
 12380 | D:11     | Found a staircase to the Lair.
 12452 | D:11     | Noticed a hill giant
 12459 | D:11     | Killed a hill giant
 12459 | D:11     | Reached skill level 5 in Dodging
 12495 | D:11     | Noticed a hill giant
 12499 | D:11     | Killed a hill giant
 12614 | D:11     | Offered knowledge of Bolt of Magma by Vehumet.
 12642 | D:11     | Learned a level 5 spell: Bolt of Magma
 12846 | D:10     | Slain by a wraith

Skill      XL: |  1  2  3  4  5  6  7  8  9 10 11 |
---------------+----------------------------------+-----
Fire Magic     | 4 5 6 9 10 11 12 | 12.4
Conjurations   | 2 3 4 5 6 8 9 |  9.7
Spellcasting   | 5 6 8 10 11 12 | 12.4
Stealth        | 3 4 5 |  5.7
Dodging        | 3 4 5 |  5.0
Fighting       | 1 |  1.4
Charms         | 2 |  2.4
Short Blades   | 1 |  1.2
Long Blades    | 1 |  1.1
Armour         | 1 |  1.0
Polearms       | |  0.8
Necromancy     | |  0.8
Evocations     | |  0.9

Action                   |  1- 3 |  4- 6 |  7- 9 | 10-12 || total
-------------------------+-------+-------+-------+-------++-------
Melee: Dagger            |     2 |     9 |    29 |    66 ||   106
       Scimitar          |       |       |       |    10 ||    10
       Trident           |       |       |       |    18 ||    18
 Cast: Flame Tongue      |    32 |    38 |   126 |       ||   196
       Throw Flame       |    18 |    22 |    45 |   111 ||   196
       Sticky Flame      |       |     5 |    19 |    46 ||    70
       Fireball          |       |       |    12 |    50 ||    62
       Conjure Flame     |       |       |     6 |     2 ||     8
       Regeneration      |       |       |     1 |     5 ||     6
       Shroud of Golubri |       |       |       |     5 ||     5
       Searing Ray       |       |       |       |     4 ||     4
       Iskenderun's Myst |       |       |       |     2 ||     2
       Inner Flame       |       |       |       |     1 ||     1
Evoke: Wand              |       |       |     3 |     7 ||    10
  Use: Scroll            |       |       |    10 |     8 ||    18
       Potion            |       |       |    11 |     6 ||    17
 Stab: Sleeping          |     1 |     1 |     5 |     5 ||    12
  Eat: Chunk             |     2 |     6 |    14 |    20 ||    42
       Royal jelly       |       |       |     1 |       ||     1
       Beef jerky        |       |       |     2 |       ||     2
       Pizza             |       |       |       |     1 ||     1
Armor: Robe              |     3 |     2 |    13 |    28 ||    46
       Troll leather arm |       |       |       |     3 ||     3
       Leather armour    |       |       |       |     9 ||     9
Dodge: Dodged            |    12 |    21 |    48 |    97 ||   178
       Rpst.: Scimitar   |       |       |       |     9 ||     9
